 Seeded DCSS version 0.30-a0-1008-g30c9307041 (webtiles) character file.

Game seed: 14461705092793326849 (custom seed)

295 Pimp the Digger (level 6, -24/39 HPs)
             Began as an Octopode Earth Elementalist on Apr 5, 2023.
             Annihilated by an ogre
             ... wielding a +0 giant spiked club
              (28 damage)
             ... on level 4 of the Dungeon.
             The game lasted 00:06:29 (2608 turns).

Pimp the Digger (Octopode Earth Elementalist)       Turns: 2608, Time: 00:06:30

Health: -24/39     AC:  1    Str:  7    XL:     6   Next: 34%
Magic:  8/10       EV: 14    Int: 19    God:
Gold:   203        SH:  0    Dex: 13    Spells: 7/11 levels left

rFire   . . .      SeeInvis .    p - +9 staff of Wucad Mu {*channel}
rCold   + . .      Faith    .    (no shield)
rNeg    . . .      Spirit   .    (helmet restricted)
rPois   .          Reflect  .    (no amulet)
rElec   .          Rampage  .    k - ring of wizardry
rCorr   .                        m - ring of protection from cold
Will    .....                    (no ring)
Stlth   +++                      (no ring)
HPRegen 0.26/turn                (no ring)
MPRegen 0.12/turn                (no ring)
                                 (no ring)
                                 (no ring)

@: no status effects
A: almost no armour, amphibious, 8 rings, camouflage 1, gelatinous body 1,
(nimble swimmer 1), tentacles
a: no special abilities


You were on level 4 of the Dungeon.
You visited 1 branch of the dungeon, and saw 4 of its levels.

You collected 203 gold pieces.

Inventory:

Hand Weapons
 d - a +1 dagger of venom
 p - the +9 staff of Wucad Mu (weapon) {*channel}
   (You found it on level 4 of the Dungeon)

   *Channel:  It often returns the magic spent to cast spells, but lowers their
   success rate.
   It always returns the magic spent on miscasts.
Jewellery
 k - a ring of wizardry (left tentacle)
 m - a ring of protection from cold (right tentacle)
Wands
 q - a wand of charming (6)
Scrolls
 b - a scroll of fear {unknown}
 c - 3 scrolls of vulnerability {unknown}
 e - 3 scrolls of silence {unknown}
 g - 2 scrolls of identify {unknown}
 i - 2 scrolls of poison {unknown}
 j - 3 scrolls of blinking {unknown}
 l - a scroll of teleportation {unknown}
 n - 2 scrolls of amnesia {unknown}
 o - a scroll of enchant armour {unknown}
Potions
 a - a potion of magic
 f - a potion of curing


   Skills:
 + Level 2.1 Fighting
 * Level 1.1 Staves
 + Level 3.1 Dodging
 - Level 2.6 Stealth
 + Level 3.0 Spellcasting
 + Level 1.5 Conjurations
 + Level 2.5 Transmutations
 + Level 3.9 Earth Magic


You had 7 spell levels left.
You knew the following spells:

 Your Spells              Type           Power      Damage    Failure   Level
a - Sandblast             Erth           36%        2d10      4%          1
b - Stone Arrow           Conj/Erth      26%        3d8       13%         3

Your spell library contained the following spells:

 Spells                   Type           Power      Damage    Failure   Level
 Passwall                 Tmut/Erth      12%        N/A       7%          2
 Sting                    Tmut/Pois      28%        1d4       9%          1
 Spider Form              Tmut/Pois      7%         N/A       21%         3
 Petrify                  Tmut/Erth      15%        N/A       28%         4
 Ice Form                 Ice/Tmut       7%         N/A       50%         4
 Iskenderun's Battlesphe  Conj           8%         2d6       77%         5
 Alistair's Intoxication  Tmut/Pois      4%         N/A       80%         5
 Fireball                 Conj/Fire      2%         3d4       86%         5
 Conjure Ball Lightning   Conj/Air       2%         3x3d6     100%        6
 Dragon Form              Tmut           6%         N/A       100%        7
 Orb of Destruction       Conj           4%         9d5       100%        7
 Storm Form               Tmut/Air       3%         N/A       100%        7


Dungeon Overview and Level Annotations

Branches:
Dungeon (4/15)
 Temple: D:4-7

Altars:
Nemelex Xobeh
Xom
Yredelemnul


Innate Abilities, Weirdness & Mutations

You cannot wear most types of armour.
You are amphibious.
You can wear up to eight rings at the same time.
Your skin changes colour to match your surroundings (Stealth+).
Your rubbery body absorbs attacks. (AC +1, EV +1)
((You are camouflaged when in or above water. (Stealth+)))
You have tentacles for arms and can constrict up to eight enemies at once.


Message History

Casting: Sandblast (safe; 4% risk of failure)
Confirm with . or Enter, or press ? or * to list all spells.
Aiming: Sandblast (safe; 4% risk of failure)
Press: ? - help, Shift-Dir - straight line, f - orc
Aim: an orc, wielding a +0 dagger (82% to hit)
The blast of sand hits the orc!
You kill the orc!
Unknown command.
The orc attacks as you move away! The orc hits you with a +0 falchion!
* * * LOW HITPOINT WARNING * * *
You feel better. The orc misses you.
The orc priest casts a cantrip, but nothing happens.
The orc attacks as you move away! The orc hits you with a +0 falchion!
* * * LOW HITPOINT WARNING * * *
Okay, then.
It was a potion of heal wounds.
You feel much better. The orc hits you with a +0 falchion.
Casting: Sandblast (safe; 4% risk of failure)
Confirm with . or Enter, or press ? or * to list all spells.
Aiming: Sandblast (safe; 4% risk of failure)
Press: ? - help, Shift-Dir - straight line, f - orc
Aim: an orc, wielding a +0 falchion (82% to hit)
The blast of sand hits the orc!
You kill the orc!
You sock the orc priest! You grab the orc priest.
The orc priest is severely wounded.
You constrict the orc priest. The orc priest hits you with a +0 club.
You sock the orc priest!
You kill the orc priest!
Your Staves skill increases to level 1!
You barely miss the ogre.
The ogre is severely wounded.
The ogre hits you with a +0 giant spiked club!!
Ouch! That really hurt!
* * * LOW HITPOINT WARNING * * *
You hit the ogre.
The ogre is almost dead.
The ogre hits you with a +0 giant spiked club!!
Ouch! That really hurt!
You die...

..####.####....#....(..###.#.##.#
.##..#)#..##.#.#.......# #.#.##.#
.#._.'.'...#.#.#.......# #.#.##.#
.##.##.##.##.#.#.......# #......#
..###.#.###..#.#.....#######.####
#.....#.....##...........# #.#
####.###..######.#...###.###.#
...#......# #.#...........#
##.##.....# #@#....##.##### ##
#.##### #O#...###.# .# ##.######
#..)......# .#)#.......#
####o###### ...#.#####.# #...#
.###.# #...# #..O# ...### #.#.#
#...# ### ...#.# #...# . ..#..#.#
#.o.# .# .. .


You could see an ogre.

Vanquished Creatures
  A hound (D:4)
  An orc priest (D:4)
  An iguana (D:4)
  An orc wizard (D:4)
  8 adders
  3 worms (D:3)
  2 dart slugs
  8 orcs
  4 ball pythons
  9 endoplasms
  6 giant cockroaches
  9 goblins
  11 hobgoblins
  2 jackals (D:1)
  5 quokkas
  8 bats
  6 frilled lizards
  4 kobolds
  6 rats
95 creatures vanquished.

Notes
Turn   | Place    | Note
-------+----------+-------------------------------------------
     0 | D:1      | Pimp the Octopode Earth Elementalist began the quest for
                  | the Orb.
     0 | D:1      | Reached XP level 1. HP: 11/11 MP: 3/3
   166 | D:1      | Reached XP level 2. HP: 18/18 MP: 5/5
   382 | D:1      | Reached XP level 3. HP: 21/22 MP: 6/6
   415 | D:1      | Reached skill level 1 in Fighting
   706 | D:2      | Found a sparkling altar of Nemelex Xobeh.
  1238 | D:3      | Reached XP level 4. HP: 24/28 MP: 7/7
  1335 | D:3      | Learned a level 3 spell: Stone Arrow
  1917 | D:3      | Reached XP level 5. HP: 30/33 MP: 9/9
  2031 | D:3      | Identified a scroll of acquirement
  2031 | D:3      | Acquired Miucsul's Catalogue of Permutations
  2092 | D:4      | Reached skill level 1 in Conjurations
  2097 | D:4      | Noticed an ogre
  2262 | D:4      | Found a shimmering altar of Xom.
  2362 | D:4      | Found the +9 staff of Wucad Mu {*channel}
  2394 | D:4      | Reached XP level 6. HP: 33/39 MP: 7/10
  2504 | D:4      | Found a sparkling altar of Nemelex Xobeh.
  2517 | D:4      | Found a basalt altar of Yredelemnul.
  2607 | D:4      | Reached skill level 1 in Staves
  2608 | D:4      | Annihilated by an ogre

Illustrated notes

Levels and vault maps discovered:
D:1:      wander_arrival_peaceful_grave, layout_basic, serial_curves,
          eino_curves_03, eino_curves_03, roderic_filled_cross,
          minmay_hexomino_p4
D:2:      layout_rooms, basic_altar
D:3:      minmay_chambers_of_threes, layout_basic
D:4:      minmay_evil_eye, layout_loops_cross, lemuel_round_altar,
          mainiacjoe_overflow_small_starburst, nemelex_dance_club_becter,
          grunt_ministairs_2

Skill      XL: |  1  2  3  4  5  6 |
---------------+-------------------+-----
Fighting       | 1 2 |  2.1
Transmutations | 2 |  2.5
Conjurations   | 1 |  1.5
Dodging        | 3 |  3.1
Spellcasting   | 3 |  3.0
Staves         | 1 |  1.1
Stealth        | |  2.6
Earth Magic    | |  3.9

Action                     |  1- 3 |  4- 6 || total
---------------------------+-------+-------++-------
  Melee: Unarmed           |    25 |       ||    25
         Constrict         |    22 |    18 ||    40
         Tentacles         |    22 |    15 ||    37
         Dagger            |    60 |    65 ||   125
         Punch             |     2 |     1 ||     3
         Staff             |       |    20 ||    20
   Cast: Sandblast         |     4 |    10 ||    14
    Use: Potion            |       |     3 ||     3
         Scroll            |       |     1 ||     1
   Stab: Sleeping          |    13 |    13 ||    26
 Armour: Skin              |    11 |     3 ||    14
  Dodge: Dodged            |    52 |    39 ||    91

Table legend: (Time is in decaauts)
 A = Elapsed time spent in this place.
 B = Non-inter-level travel time spent in this place.
 C = Inter-level travel time spent in this place.
 D = Time resting spent in this place.
 E = Time spent auto-exploring this place.
 F = Levels seen in this place.
 G = Mean time per level.
                   A        B        C        D        E       F      G
               +--------+--------+--------+--------+--------+-----+--------+
         Total |   2615 |   2436 |    179 |    335 |   1389 |   4 |  653.8 |
       Dungeon |   2615 |   2436 |    179 |    335 |   1389 |   4 |  653.8 |
               +--------+--------+--------+--------+--------+-----+--------+

Top non-repeatable levels by time:
     D:3: 1042 daAuts
     D:1: 705 daAuts
     D:2: 446 daAuts
     D:4: 420 daAuts
